 Dungeon Crawl Stone Soup version 0.30-a0-696-g2367cd04db (webtiles) character file.

Game seed: 14549725763930676942

294 Shayle the Trooper (level 6, -3/47 HPs)
             Began as a Demonspawn Reaver on Jan 21, 2023.
             Was an Initiate of Ashenzari.
             Slain by Grinder (6 damage)
             ... on level 4 of the Dungeon.
             The game lasted 00:08:55 (3031 turns).

Shayle the Trooper (Demonspawn Reaver)              Turns: 3031, Time: 00:08:56

Health: -3/47      AC:  5    Str: 12    XL:     6   Next: 11%
Magic:  1/9        EV: 12    Int: 17    God:    Ashenzari [......]
Gold:   142        SH:  0    Dex: 11    Spells: 5/9 levels left

rFire   . . .      SeeInvis .    k - +1 whip (drain)
rCold   . . .      Faith    .    (no shield)
rNeg    . . .      Spirit   .    b - +0 leather armour
rPois   .          Reflect  .    e - +0 helmet
rElec   .          Harm     .    (no cloak)
rCorr   .          Rampage  .    d - +0 pair of gloves
Will    .....                    (no boots)
Stlth   ++                       (no amulet)
HPRegen 0.27/turn                p - ring of wizardry
MPRegen 0.11/turn                (no ring)

@: no status effects
A: powered by death 1, sturdy frame 1, weakness stinger 1
a: Renounce Religion


You were on level 4 of the Dungeon.
You worshipped Ashenzari.
Ashenzari was noncommittal.
You visited 1 branch of the dungeon, and saw 4 of its levels.

You collected 142 gold pieces.

Inventory:

Hand Weapons
 a - a +0 spear
 k - a +1 whip of draining (weapon)
Armour
 b - a +0 leather armour (worn)
 d - a +0 pair of gloves (worn)
 e - a +0 helmet (worn)
Jewellery
 p - a ring of wizardry (left hand)
Wands
 i - a wand of flame (13)
Scrolls
 c - a scroll of vulnerability {unknown}
 f - a scroll of magic mapping {unknown}
 j - a scroll of butterflies {unknown}
 r - a scroll of noise {unknown}
Potions
 g - a potion of experience {unknown}
 h - a potion of haste {unknown}
 n - a potion of lignification
 q - a potion of degeneration {unknown}
 s - a potion of flight


   Skills:
 + Level 3.6 Fighting
 - Level 2.6 Polearms
 + Level 2.5 Armour
 - Level 1.7 Dodging
 + Level 2.8 Stealth
 - Level 2.0 Spellcasting
 + Level 3.5 Conjurations
 + Level 1.9 Earth Magic


You had 5 spell levels left.
You knew the following spells:

 Your Spells              Type           Power      Damage    Failure   Level
a - Kiss of Death         Conj/Necr      28%        2d7       4%          1
b - Stone Arrow           Conj/Erth      20%        3d8       9%          3

Your spell library contained the following spells:

 Spells                   Type           Power      Damage    Failure   Level
 Momentum Strike          Conj/Tloc      14%        3d8       6%          2
 Hailstorm                Conj/Ice       7%         3d4       12%         3
 Ozocubu's Armour         Ice            1%         N/A       24%         3
 Animate Armour           Summ/Erth      10%        N/A       45%         4
 Metabolic Englaciation   Hex/Ice        0%         N/A       89%         5
 Simulacrum               Ice/Necr       0%         N/A       100%        6
 Lehudib's Crystal Spear  Conj/Erth      5%         10d3      100%        8


Dungeon Overview and Level Annotations

Branches:
Dungeon (4/15)
 Temple: D:4-7

Altars:
Ashenzari
Nemelex Xobeh
Uskayaw

Shops:
D:1 *

Annotations:
D:2 Sigmund, Terence
D:4 Grinder


Innate Abilities, Weirdness & Mutations

You regenerate a little health from kills.
Your movements are slightly less encumbered by armour. (ER -2)
You have a small tail.


Message History

Grinder hits you.
You writhe in agony.
The adder bites you.
You are poisoned.
The adder poisons you!
You feel sick. The adder bites you but does no damage. Grinder hits you.
* * * LOW HITPOINT WARNING * * *
You writhe in agony.
* * * LOW HITPOINT WARNING * * *
You can move again.
Unknown command.
You feel better. The adder barely misses you. Grinder gestures at you.
You barely resist. The adder bites you.
* * * LOW HITPOINT WARNING * * *
As you read the scroll of teleportation, it crumbles to dust.
You feel strangely unstable. Grinder hits you.
* * * LOW HITPOINT WARNING * * *
You writhe in agony.
* * * LOW HITPOINT WARNING * * *
The adder barely misses you.
It was a potion of lignification.
You turn into a tree.
Your +0 helmet melds into your body.
Your +0 pair of gloves melds into your body.
Your +0 leather armour melds into your body.
Your roots penetrate the ground.
You feel strangely stable. The adder bites you but does no damage.
Grinder gestures at you. You resist with significant effort.
It was a potion of flight.
Your roots keep you in place.
The adder bites you but does no damage. Grinder hits you but does no damage.
It was a potion of cancellation.
Your magical effects are unravelling.
You feel magically purged.
You feel less wooden.
Your +0 helmet unmelds from your body.
Your +0 pair of gloves unmelds from your body.
Your +0 leather armour unmelds from your body.
The adder bites you but does no damage.
Grinder says, "I used to sell toenails on the black market."
Grinder hits you.
You die...

#[# #)# #.# ##
####)#### ..##
#.......# #...#
#.#####.# #.#.#. #.#
#.#########......
#.#
#.......S........
#.# #..)...@5...#
#.#####.#######.#..#
#.......# #.# .#
######### #.. # #.#.
#.#.. #.# ## #.#


You could see Grinder and an adder.

Vanquished Creatures
  A scorpion (D:3)
  A gnoll bouda (D:4)
  Natasha (D:2)
  8 adders
  3 gnolls (D:4)
  2 worms
  A dart slug (D:3)
  3 orcs (D:2)
  6 bats
  7 endoplasms
  7 giant cockroaches
  9 goblins
  6 hobgoblins
  A quokka (D:3)
  8 ball pythons
  2 frilled lizards
  5 kobolds
  7 rats
78 creatures vanquished.

Notes
Turn   | Place    | Note
-------+----------+-------------------------------------------
     0 | D:1      | Shayle the Demonspawn Reaver began the quest for the Orb.
     0 | D:1      | Reached XP level 1. HP: 16/16 MP: 3/3
   101 | D:1      | Found Rexzo's General Store.
   358 | D:1      | Gained mutation: You regenerate a little health from kills.
                  | [demonic ancestry]
   358 | D:1      | Reached XP level 2. HP: 22/22 MP: 5/5
   439 | D:1      | Reached skill level 1 in Stealth
   594 | D:1      | Reached skill level 1 in Armour
   845 | D:1      | Found a faded altar of an unknown god.
  1132 | D:2      | Gained mutation: Your movements are slightly less
                  | encumbered by armour. (ER -2) [demonic ancestry]
  1132 | D:2      | Reached XP level 3. HP: 28/28 MP: 6/6
  1320 | D:2      | Noticed Sigmund
  1386 | D:2      | Noticed Terence
  1498 | D:2      | Noticed Natasha
  1507 | D:2      | Killed Natasha
  1508 | D:2      | Reached XP level 4. HP: 20/34 MP: 7/7
  1574 | D:2      | Reached skill level 1 in Earth Magic
  1819 | D:3      | Noticed a +0 dagger
  1820 | D:3      | Noticed a +0 hand axe
  1823 | D:3      | Found a hide-covered altar of Uskayaw.
  1874 | D:3      | Learned a level 3 spell: Stone Arrow
  1979 | D:3      | Found a broken altar of Ashenzari.
  1981 | D:3      | Found a sparkling altar of Nemelex Xobeh.
  1990 | D:3      | Became a worshipper of Ashenzari the Shackled
  1998 | D:3      | Identified a scroll of acquirement
  1998 | D:3      | Acquired a book of Winter
  2076 | D:3      | Reached XP level 5. HP: 23/41 MP: 8/8
  2855 | D:4      | Gained mutation: You have a small tail. [demonic ancestry]
  2855 | D:4      | Reached XP level 6. HP: 47/47 MP: 5/9
  2952 | D:4      | Noticed Grinder
  3013 | D:4      | Paralysed by Grinder for 4 turns
  3024 | D:4      | Paralysed by Grinder for 3 turns
  3028 | D:4      | HP: 2/47 [Grinder (6)]
  3031 | D:4      | Slain by Grinder

Illustrated notes

Levels and vault maps discovered:
D:1:      lightli_arrival_boilingwater, layout_basic,
          ebering_ecumenical_altar_mist, serial_shops, shop,
          minmay_stone_trees_medium, chequers_hall_statues_y
D:2:      minmay_alternating_diamond, layout_basic, uniq_sigmund, uniq_terence,
          uniq_natasha
D:3:      layout_loops_ring, dancing_weapons_uskayaw,
          gammafunk_temple_overflow_forgotten, saegor_snake_ambush
D:4:      wander_river, layout_loops_ring, dreamdust_wishing_well,
          minmay_fractal_squares_diagonal_5, uniq_grinder

Skill      XL: |  1  2  3  4 |
---------------+-------------+-----
Stealth        | 1 2 |  2.8
Armour         | 1 2 |  2.5
Earth Magic    | 1 |  1.9
Fighting       | 3 |  3.6
Polearms       | |  2.6
Dodging        | |  1.7
Spellcasting   | |  2.0
Conjurations   | |  3.5

Action                   |  1- 3 |  4- 6 || total
-------------------------+-------+-------++-------
Melee: Spear             |    92 |       ||    92
       Punch             |     2 |       ||     2
       Whip              |    68 |   133 ||   201
 Cast: Stone Arrow       |       |     9 ||     9
  Use: Scroll            |     1 |     5 ||     6
       Potion            |     1 |     5 ||     6
 Stab: Sleeping          |     2 |     4 ||     6
Armor: Leather armour    |    67 |    42 ||   109
       Skin              |       |     3 ||     3
Dodge: Dodged            |   126 |   103 ||   229

Table legend: (Time is in decaauts)
 A = Elapsed time spent in this place.
 B = Non-inter-level travel time spent in this place.
 C = Inter-level travel time spent in this place.
 D = Time resting spent in this place.
 E = Time spent auto-exploring this place.
 F = Levels seen in this place.
 G = Mean time per level.
                   A        B        C        D        E       F      G
               +--------+--------+--------+--------+--------+-----+--------+
         Total |   3075 |   2998 |     77 |    452 |   1595 |   4 |  768.8 |
       Dungeon |   3075 |   2998 |     77 |    452 |   1595 |   4 |  768.8 |
               +--------+--------+--------+--------+--------+-----+--------+

Top non-repeatable levels by time:
     D:1: 1105 daAuts
     D:3: 1043 daAuts
     D:2: 726 daAuts
     D:4: 200 daAuts
